 Dungeon Crawl Stone Soup version 0.30-a0-605-gb2882149bf (webtiles) character file.

Game seed: 6788123625050241603

8 drugrobin the Sneak (level 1, 0/18 HPs)
             Began as a Demigod Delver on Jan 7, 2023.
             Slain by a jackal (3 damage)
             ... on level 2 of the Dungeon.
             The game lasted 00:02:19 (325 turns).

drugrobin the Sneak (Demigod Delver)                 Turns: 325, Time: 00:02:19

Health: 0/18       AC:  6    Str: 13    XL:     1   Next: 80%
Magic:  3/3        EV:  9    Int: 12    God:
Gold:   22         SH:  0    Dex: 15    Spells: 0/0 levels left

rFire   . . .      SeeInvis .      - Unarmed
rCold   . . .      Faith    .    (no shield)
rNeg    . . .      Spirit   .    j - +0 scale mail
rPois   .          Reflect  .    (no helmet)
rElec   .          Harm     .    (no cloak)
rCorr   .          Rampage  .    (no gloves)
Will    .....                    (no boots)
Stlth   +                        (no amulet)
HPRegen 0.23/turn                (no ring)
MPRegen 0.08/turn                (no ring)

@: no status effects
A: high MP 1, forlorn, divine attributes
a: no special abilities


You were on level 2 of the Dungeon.
You visited 1 branch of the dungeon, and saw 5 of its levels.

You collected 22 gold pieces.

Inventory:

Missiles
 g - 3 stones (quivered)
Armour
 a - a +0 leather armour
 j - a +0 scale mail (worn)
Magical Staves
 h - a staff of air
Wands
 f - a wand of digging (3)
 i - a wand of charming (5)
Scrolls
 b - a scroll of fog
 c - a scroll of magic mapping
 d - a scroll of identify {unknown}
Potions
 e - a potion of haste


   Skills:
 - Level 2.6 Fighting
 - Level 1.7 Dodging
 - Level 4.5 Stealth
 + Level 2.5 Unarmed Combat


You couldn't memorise any spells.
You didn't know any spells.
Your spell library contained the following spells:

 Spells                   Type           Power      Damage    Failure   Level
 Ensorcelled Hibernation  Hex/Ice        0%         N/A       94%         2
 Spider Form              Tmut/Pois      0%         N/A       99%         3
 Anguish                  Hex/Necr       0%         N/A       100%        4


Dungeon Overview and Level Annotations

Branches:
Dungeon (5/15)
 Temple: D:4-7


Innate Abilities, Weirdness & Mutations

You have an increased reservoir of magic. (+10% MP)
You shall have no god before yourself.
Your divine heritage dramatically boosts your attributes as you level up.


Message History

You barely miss the jackal. The jackal barely misses you.
The jackal bites you but does no damage.
The jackal misses you.
You hit the jackal.
The jackal is moderately wounded.
The jackal bites you but does no damage. x4
The jackal barely misses you.
The jackal bites you but does no damage.
You closely miss the jackal.
The jackal is moderately wounded.
The jackal bites you. The jackal barely misses you.
The jackal bites you but does no damage.
You hit the jackal but do no damage.
The jackal is moderately wounded.
The jackal barely misses you.
The jackal bites you but does no damage.
The jackal completely misses you.
You closely miss the jackal.
The jackal is moderately wounded.
The jackal misses you. The jackal barely misses you. The jackal bites you. x2
You are too injured to fight recklessly!
You are too injured to fight recklessly!
You hit the jackal but do no damage.
The jackal is moderately wounded.
The jackal bites you but does no damage. x2
The jackal misses you.
The jackal bites you but does no damage.
The jackal closely misses you.
You barely miss the jackal.
The jackal is moderately wounded.
The jackal barely misses you. The jackal bites you.
The jackal bites you but does no damage.
The jackal barely misses you.
You hit the jackal.
The jackal is severely wounded.
The jackal bites you but does no damage.
The jackal bites you.
* * * LOW HITPOINT WARNING * * *
The jackal bites you.
You die...

#####
#######.#.###########
#...................#
#.#####.###########.#
#...# #... #.#
#####.###.### #.#
#......##.# # #.##
#.....h##.#####.## ##...
#.....h@#...............
#.....h##...........#...
##.....r.................
#......###...............
#........#.#####.........
#........#.. .####....
#........#... #....
##......##....# ..##.
#......##..... (


You could see 3 jackals and a rat.

Vanquished Creatures
  A dart slug (D:2)
  A bat (D:2)
  A jackal (D:2)
  A quokka (D:2)
  A ball python (D:2)
  A rat (D:2)
6 creatures vanquished.

Notes
Turn   | Place    | Note
-------+----------+-------------------------------------------
     0 | D:5      | drugrobin the Demigod Delver began the quest for the Orb.
     0 | D:5      | Reached XP level 1. HP: 18/18 MP: 3/3
     8 | D:5      | Noticed a hound
     8 | D:5      | Noticed an ogre
    78 | D:3      | Noticed a fire elemental
    79 | D:3      | Noticed a water elemental
    79 | D:3      | Noticed an earth elemental
    79 | D:3      | Noticed an air elemental
   325 | D:2      | Slain by a jackal

Illustrated notes

Levels and vault maps discovered:
D:1:      minmay_arrival_five_plusses, layout_basic
D:2:      layout_basic, uniq_terence
D:3:      layout_basic, nicolae_qazlal_style_of_elements, general_overflow_altar
D:4:      minmay_recursive_quarters, layout_loops_corners,
          minmay_temple_entry_nine_rooms, nicolae_stop_n_shop_1,
          hangedman_feature_mirror, grunt_decor_arrowhead, uniq_duvessa
D:5:      layout_basic

Skill      XL: |  1 |
---------------+----+-----
Unarmed Combat | 2 |  2.5
Fighting       | |  2.6
Dodging        | |  1.7
Stealth        | |  4.5

Action                   || total
-------------------------++-------
Melee: Unarmed           ||    39
       Punch             ||     1
Throw: Stone             ||     1
  Use: Scroll            ||     1
       Potion            ||     1
Armor: Scale mail        ||    22
       Leather armour    ||    17
Dodge: Dodged            ||    65

Table legend: (Time is in decaauts)
 A = Elapsed time spent in this place.
 B = Non-inter-level travel time spent in this place.
 C = Inter-level travel time spent in this place.
 D = Time resting spent in this place.
 E = Time spent auto-exploring this place.
 F = Levels seen in this place.
 G = Mean time per level.
                   A        B        C        D        E       F      G
               +--------+--------+--------+--------+--------+-----+--------+
         Total |    306 |    291 |     15 |      0 |      0 |   5 |   61.2 |
       Dungeon |    306 |    291 |     15 |      0 |      0 |   5 |   61.2 |
               +--------+--------+--------+--------+--------+-----+--------+

Top non-repeatable levels by time:
     D:2: 202 daAuts
     D:3: 77 daAuts
     D:5: 14 daAuts
     D:4: 8 daAuts
     D:1: 4 daAuts
